[Event "1st Serbian League 2022"]
[Site "Vrnjacka Banja"]
[Date "2022.09.25"]
[Round "6.16"]
[White "Pap, Misa"]
[Black "Djukic, Nikola"]
[Result "1/2-1/2"]
[ECO "B22"]
[WhiteElo "2381"]
[BlackElo "2536"]
[Annotator "TA"]
[PlyCount "147"]
[EventDate "2022.09.20"]
[EventType "team-tourn"]
[EventCountry "SRB"]
[SourceTitle "playchess.com"]
[Source "ChessBase"]
[SourceQuality "1"]
[TimeControl "40/5400+30:1800+30"]

1. e4 c5 2. c3 Nf6 3. e5 Nd5 4. Nf3 d6 5. exd6 e6 6. g3 Bxd6 7. Bg2 Nc6 8. d4 cxd4 9. Nxd4 Nxd4 10. Qxd4 O-O 11. O-O Qc7 {[%emt 0:00:38] B22: Sicilian: 2 c3.} 12. c4 $1 {[%emt 0:00:07][%mdl 4] is recently more successful than 12.Nd2.} Nf6 13. Nc3 Bd7 14. Rd1 Be5 15. Bf4 (15. Qe3 {is more complex.} a6 16. Bxb7 Qxb7 17. Qxe5 Bc6 18. Bh6) 15... Bxf4 16. Qxf4 Qxf4 17. gxf4 {[%emt 0:00:05] [#]} Rab8 $146 ({Predecessor:} 17... Rac8 18. Rd4 Bc6 19. Rad1 g6 20. b3 a6 21. Rd6 Bxg2 22. Kxg2 Rc5 23. Rb6 Rb8 {0-1 (60) Oberoi,S (2198)-Preotu,R (2462) Richardson 2022}) 18. Rd4 Rfc8 19. Rad1 Be8 20. Ne4 Nxe4 21. Bxe4 g6 22. b3 Kf8 23. h4 Ke7 24. Kg2 Rc7 25. Bf3 b6 26. Rh1 Bc6 27. Bxc6 Rxc6 $11 {[%emt 0:00:10][%mdl 4096] Endgame KRR-KRR} 28. Rhd1 {[%emt 0:00:10] And now Rd7+ would win.} Rc7 {[%emt 0:03:33] Prevents Rd7+.} 29. R1d3 $1 b5 30. Kg3 Rb6 31. cxb5 Rxb5 32. b4 Rb6 33. a3 Rbc6 34. b5 Rc3 35. Rd7+ Kf6 36. f3 Rxd3 37. Rxd3 {[%emt 0:00:12] KR-KR} Rc4 38. Rb3 ({Much worse is} 38. Rd7 Ra4 39. Rd3 Ra5 $17) (38. Rd8 $11 {keeps the balance.}) 38... Ra4 $1 $17 39. Rc3 Ra5 40. Rb3 Ra4 41. Rc3 h5 42. Re3 ({White should try} 42. Rb3) 42... Ke7 43. Rd3 Ra5 44. Rb3 Kd7 45. b6 axb6 46. Rxb6 Rxa3 47. Rb7+ Ke8 48. Rb8+ Ke7 49. Rb7+ Kf6 50. Rc7 Ra8 51. Rb7 Re8 52. Ra7 Re7 53. Ra6 Rd7 54. Ra5 Rd5 55. Ra7 e5 (55... Rd2 $142 56. Ra4 Rd1) 56. fxe5+ Rxe5 57. Ra6+ Kf5 58. Ra7 f6 59. Rh7 Ra5 60. Rh8 Ra1 61. Rb8 Rg1+ 62. Kh2 Re1 63. Kg3 g5 64. Rh8 Kg6 $1 65. hxg5 fxg5 66. Rg8+ Kf6 67. Rh8 {[%emt 0:00:00] [#]} h4+ (67... Rh1 $1 $17 68. Rh6+ Kg7) 68. Kf2 {[%emt 0:00:00] [#]} (68. Kh3 $11) 68... Ra1 ({Black should play} 68... Re5 $1 $17 69. f4 Re4 70. fxg5+ Kf5) 69. f4 $1 $11 {[%emt 0:00:00] The position is equal.} Ra2+ 70. Kg1 gxf4 {[%emt 0:01:09] aiming for ...Kg5.} 71. Rxh4 Kg5 72. Rh3 Kg4 73. Rb3 f3 {[%emt 0:00:13] ( -> ...Kg3)} 74. Rb8 {[%emt 0:00:00] And White is the lucky defender.  Weighted Error Value: White=0.10 (very precise) /Black=0.07 (flawless)} 1/2-1/2

[Event "1st Serbian League 2022"]
[Site "Vrnjacka Banja"]
[Date "2022.09.25"]
[Round "6.17"]
[White "Strikovic, Aleksa"]
[Black "Savic, Miodrag R"]
[Result "0-1"]
[ECO "B01"]
[WhiteElo "2491"]
[BlackElo "2406"]
[Annotator "TA"]
[PlyCount "84"]
[EventDate "2022.09.20"]
[EventType "team-tourn"]
[EventCountry "SRB"]
[SourceTitle "playchess.com"]
[Source "ChessBase"]
[SourceQuality "1"]
[TimeControl "40/5400+30:1800+30"]

1. e4 d5 2. exd5 Qxd5 3. Nc3 Qa5 4. d4 Nf6 5. a3 c6 6. Bd3 {[%emt 0:00:18] B01: Scandinavian Defence.} Bg4 7. f3 Bh5 8. Nge2 {[%emt 0:00:11] The position is equal.} e6 9. O-O Nbd7 10. Bf4 Qb6 11. Na4 Qd8 {[%emt 0:00:27] [#]} 12. c4 $146 ({Predecessor:} 12. Bg5 Qa5 13. Bxf6 Nxf6 14. c4 Bg6 15. b4 Qg5 16. f4 Qh4 17. Rf3 Ng4 18. h3 {½-½ (54) Halas,M (1939)-Mohapl,P (2105) Tatranske Zruby 2009}) 12... Be7 13. Qb3 b6 14. Rad1 O-O 15. Nac3 Bg6 16. Bxg6 hxg6 17. h3 Qc8 18. Bh2 Bd8 19. Nc1 Bc7 20. Bxc7 Qxc7 21. f4 a6 22. Nd3 c5 23. d5 exd5 24. Nxd5 Nxd5 25. cxd5 c4 26. Qc3 Rfe8 {[%emt 0:08:58][%cal Bf8e8,Be8e4,Be4d4,Bd4d3][%mdl 32] Prevents Ne5.} 27. Nb4 Re4 28. Nc6 (28. d6 $11 Qc5+ 29. Kh1) 28... Nf6 $15 29. Qf3 Rae8 30. Ne5 $1 Rd8 31. Ng4 {[%emt 0:00:36] [#] And now Nxf6+ would win.} Qc5+ 32. Kh1 {[%emt 0:00:01] Strongly threatening Nxf6+.} Rd4 {[%emt 0:02:08] Black is more active.} 33. Ne3 {[%emt 0:02:10] Loses the game.} (33. Rxd4 $17 {is a better defense.} Qxd4 34. Ne5 (34. Nxf6+ gxf6 35. Qf2 Rxd5 $17) 34... Rxd5 35. Kh2) 33... Rd3 $19 ({Resist} 33... Nxd5 34. Rxd4 Qxd4 35. Rd1 Qxb2 36. Nxd5 $18) 34. Rxd3 cxd3 35. Rd1 Qd4 ({Not} 35... Nxd5 36. Rxd3 Nxe3 37. Rxd8+ Kh7 38. Kh2 $16) 36. g3 $2 (36. Kh2) 36... Nxd5 (36... Re8 $142 37. Nf1 Ne4) 37. Ng4 (37. Nxd5 Rxd5 38. Rd2) 37... d2 {[%emt 0:01:39] Black is clearly winning.} 38. Ne5 Rc8 (38... Ne3 $142 39. Nc6 Qa4 40. Nxd8 Qxd1+ 41. Qxd1 Nxd1 42. Nxf7 Ne3 43. Kg1 d1=Q+ 44. Kf2 Qd2+ 45. Kf3 Kxf7 46. h4 Nc2 47. f5 gxf5 48. g4 Ne1+ 49. Kg3 f4+ 50. Kh3 Qg2#) 39. Nd3 Rc2 {[%emt 0:00:29] [#] ...Ne3 is the strong threat.} 40. Nf2 Rc1 41. Kh2 f5 {[%emt 0:08:01] White must now prevent ...Ne3.} 42. g4 Ne3 {[%emt 0:04:53] Weighted Error Value: White=0.79/Black=0.44} 0-1

[Event "1st Serbian League 2022"]
[Site "Vrnjacka Banja"]
[Date "2022.09.25"]
[Round "6.18"]
[White "Radovanovic, Mihajlo"]
[Black "Perunovic, Miodrag"]
[Result "1-0"]
[ECO "A25"]
[WhiteElo "2438"]
[BlackElo "2413"]
[Annotator "TA"]
[PlyCount "81"]
[EventDate "2022.09.20"]
[EventType "team-tourn"]
[EventCountry "SRB"]
[SourceTitle "playchess.com"]
[Source "ChessBase"]
[SourceQuality "1"]
[TimeControl "40/5400+30:1800+30"]

1. c4 e5 2. Nc3 Nf6 3. e3 Nc6 4. Qb3 Bb4 5. Nge2 O-O 6. a3 {[%emt 0:00:21] A25: English Opening vs King's Indian with ...Nc6 but without early d3.} Bc5 {[%emt 0:02:41] [#]} 7. g3 $146 ({Predecessor:} 7. Ng3 d6 8. Bd3 a5 9. Qc2 Ne7 10. b3 c6 11. Bb2 Bb6 12. Rc1 Be6 13. O-O {1-0 (33) Harikrishna,P (2646)-Stripunsky,A (2565) Minneapolis 2005}) 7... Re8 8. Bg2 {[%emt 0:01:01] The position is equal.} a6 9. O-O Ba7 10. Qc2 Rb8 11. b4 d6 12. Bb2 Ne7 13. Nd5 (13. Ne4 $14 {deserves consideration.}) 13... Nfxd5 14. cxd5 Bf5 15. Qb3 Qd7 16. f4 Ng6 17. fxe5 dxe5 18. Rf2 Re7 (18... Bh3 $11 {keeps the balance.}) 19. Nc3 Bh3 20. Bh1 (20. Bxh3 $14 Qxh3 21. Raf1) 20... h5 (20... Kh8 $11) 21. Ne4 h4 22. Bf3 Rf8 23. Ng5 hxg3 24. hxg3 {[%emt 0:00:21] Bh5 is the strong threat.} Qf5 25. Nxh3 ({Don't go for} 25. Rh2 $2 Qxg5 26. Rxh3 Nf4 $19) 25... Qxh3 26. Be2 (26. Raf1 $5 ) 26... Qxg3+ 27. Rg2 Qh3 {[%emt 0:00:02] [#]} (27... Qh4 $1 $11) 28. Rf1 $1 $16 {[%emt 0:03:43][%mdl 1024] White has strong compensation.} Qh6 29. Rh2 {[%emt 0:01:40] Active counter play!} Nh4 30. Qc4 (30. Kh1 $5 g5 31. a4 $16) 30... g5 31. Rhf2 {[%emt 0:02:04] And now Rf6 would win.} b5 $1 32. Qe4 $132 {[%emt 0:03:06][%mdl 2048] [#] aiming for Rf6. White has counterplay} f5 33. Rxf5 Nxf5 34. Rxf5 Rh7 (34... Rxf5 $11 {remains equal.} 35. Qxf5 Qh7 36. Qc8+ Kf7) 35. Rxf8+ Kxf8 36. Bxe5 {[%emt 0:00:18][%cal Od5d6] Hoping for d6! The board is on fire. This bishop pair is nice.} Rf7 $2 {[%emt 0:02:21][%mdl 8192] This move loses the game for Black.} (36... Bb8 $16) 37. d6 $18 {[%emt 0:01:35] White wants to mate with Qa8+.} ({Less strong is} 37. Qg4 Re7 38. Qf5+ Kg8 $18) 37... c6 38. Qxc6 (38. Qg4 $142 Kg8 39. Bd1 Bc5 40. bxc5 Rf6 41. d7 Rf8 42. Bb3+ Kh7 43. Qe4+ Qg6 44. Qh1+ Qh6 45. Bc2+ Kg8 46. Qxh6 Rf1+ 47. Kxf1 Kf7 48. d8=Q g4 49. Qg6#) 38... Qe6 39. Qa8+ Qe8 40. Qxe8+ Kxe8 41. Bh5 {[%emt 0:30:40] Weighted Error Value: White=0.12 (very precise) /Black=0.37} 1-0

[Event "1st Serbian League 2022"]
[Site "Vrnjacka Banja"]
[Date "2022.09.25"]
[Round "6.19"]
[White "Ioannidis, Evgenios"]
[Black "Predojevic, Borki"]
[Result "1/2-1/2"]
[ECO "D31"]
[WhiteElo "2486"]
[BlackElo "2584"]
[Annotator "TA"]
[PlyCount "41"]
[EventDate "2022.09.20"]
[EventType "team-tourn"]
[EventCountry "SRB"]
[SourceTitle "playchess.com"]
[Source "ChessBase"]
[SourceQuality "1"]
[TimeControl "40/5400+30:1800+30"]

1. d4 d5 2. c4 e6 3. Nc3 c6 4. e4 dxe4 5. Nxe4 Bb4+ 6. Bd2 Qxd4 7. Bxb4 Qxe4+ 8. Be2 Na6 9. Bd6 {[%emt 0:00:27] Threatens to win with Nf3. The position is equal.} Qxg2 {[%emt 0:01:58] D31: Queen's Gambit Declined: Semi-Slav without ...Nf6 (+ Marshall Gambit and Noteboom) and Exchange Variation lines without ...Nf6.} 10. Qd2 Nf6 (10... Qxh1 $2 11. O-O-O Qe4 {[#]} 12. Be7 $1 $18 ) 11. Bf3 Qg6 12. O-O-O {[%emt 0:00:42] [#] Hoping for Ne2.} e5 {[%emt 0:00:13] And now ...Ne4 would win.} (12... Ne4 $2 13. Bxe4 Qf6 14. Nf3 $18) 13. Bxe5 {[%emt 0:05:41][%csl Gd1][%cal Rd2d8] This bishop pair is nice.} Be6 {[%emt 0:00:35] ...Nd7 is the strong threat.} 14. Ne2 {[%emt 0:09:58] Strongly threatening Rhe1.} Qf5 {[%emt 0:00:46] [#] A balanced but interesting game.  Weighted Error Value: White=0.00 (flawless) /Black=0.00 (flawless)} {Predecessor:} 15. Bf4 $146 Qc5 16. Nc3 Qxc4 17. Be2 Qb4 18. Bxa6 bxa6 19. Bd6 Qb7 20. Bc5 Nd5 21. Ne4 {1-0 (62) Yoo,C (2548)-Burke,J (2579) Saint Louis 2022} 1/2-1/2

[Event "1st Serbian League 2022"]
[Site "Vrnjacka Banja"]
[Date "2022.09.25"]
[Round "6.20"]
[White "Vuckovic, Bojan"]
[Black "Damljanovic, Branko"]
[Result "0-1"]
[ECO "B60"]
[WhiteElo "2559"]
[BlackElo "2436"]
[Annotator "TA"]
[PlyCount "68"]
[EventDate "2022.09.20"]
[EventType "team-tourn"]
[EventCountry "SRB"]
[SourceTitle "playchess.com"]
[Source "ChessBase"]
[SourceQuality "1"]
[TimeControl "40/5400+30:1800+30"]

1. e4 c5 2. Nf3 d6 3. d4 cxd4 4. Nxd4 Nf6 5. Nc3 Nc6 6. Bg5 Qb6 7. Be3 {[%emt 0:06:13] Strongly threatening Nxc6.} Ng4 $2 {[%emt 0:12:11] B60: Sicilian: Richter-Rauzer: Unusual Black 6th moves and 6...Bd7 without 7 Qd2.} ({Better is} 7... Qd8 $14) 8. Nd5 $1 $18 Nxe3 9. Nxb6 (9. fxe3 $18 Qd8 10. Nb5 (10. Bb5 Bd7 $11)) 9... Nxd1 $14 {[%emt 0:00:12] White is slightly better.} 10. Nxa8 Nxd4 {[%emt 0:16:29] [#]} 11. Rxd1 $146 ({Predecessor:} 11. Nc7+ Kd8 12. Rxd1 Nxc2+ 13. Kd2 Kxc7 14. Kxc2 Be6 15. Kb1 Kb6 16. Rc1 d5 17. Bd3 {½-½ (48) Thavandiran,S (2191)-Ivanov,I (2407) Guelph 2005}) 11... Nxc2+ 12. Kd2 Nd4 13. Nc7+ Kd8 14. Nb5 Nc6 15. Bc4 a6 16. Nc3 e6 17. Kc2 g6 18. Rd2 Ke7 19. h4 (19. Rhd1 $5 ) 19... Bh6 20. Rdd1 b5 21. Bf1 Bb7 22. a4 (22. h5 $11 {keeps the balance.}) 22... b4 $17 {[%emt 0:00:45][%mdl 1024] Black has strong compensation.} 23. Ne2 {[%emt 0:01:17] [#]} Na5 $1 24. f3 {[%emt 0:01:04] [#]} Bc6 $1 25. b3 Rc8 $1 26. Kb2 Bg7+ 27. Nd4 Bb7 {[%emt 0:02:37] ...Nc6 is the strong threat. A strong pair of Bishops.} 28. Ka2 Rc3 29. Rd2 $2 (29. h5) 29... d5 $19 ({Worse is} 29... e5 30. Ne2 Rxb3 31. h5 $17) 30. exd5 Bxd5 31. Bxa6 (31. Rd3 $142 Rxd3 32. Bxd3 Bxd4 33. Rb1) 31... Nxb3 32. Nxb3 Rxb3 33. Rxd5 Rb2+ 34. Ka1 b3 {[%emt 0:01:09] Weighted Error Value: White=0.80/Black=0.12 (very precise)} 0-1

[Event "1st Serbian League 2022"]
[Site "Vrnjacka Banja"]
[Date "2022.09.25"]
[Round "6.21"]
[White "Tadic, Branko"]
[Black "Roganovic, Milos"]
[Result "1/2-1/2"]
[ECO "D02"]
[WhiteElo "2455"]
[BlackElo "2487"]
[Annotator "TA"]
[PlyCount "115"]
[EventDate "2022.09.20"]
[EventType "team-tourn"]
[EventCountry "SRB"]
[SourceTitle "playchess.com"]
[Source "ChessBase"]
[SourceQuality "1"]
[TimeControl "40/5400+30:1800+30"]

1. Nf3 Nf6 2. d4 g6 3. g3 Bg7 4. Bg2 d5 5. O-O O-O 6. c3 Nc6 {[%emt 0:08:58] D02: 1 d4 d5 2 Nf3 sidelines, including 2...Nf6 3 g3 and 2...Nf6 3 Bf4.} 7. a4 Re8 8. Bf4 Nh5 9. Bg5 h6 {[%emt 0:02:27] [#]} 10. Be3 $146 ({Predecessor:} 10. Bd2 e5 11. dxe5 Nxe5 12. Na3 c6 13. Qc1 Kh7 14. Nh4 b6 15. b4 Bb7 16. Qc2 {0-1 (42) Erceg,S (2080)-Sevelj,B Solin 2007}) 10... Nf6 11. h3 e5 12. dxe5 Nxe5 13. Nxe5 Rxe5 14. Bd4 Re8 15. Nd2 Qe7 16. Re1 c5 17. Bxf6 Bxf6 18. e4 d4 19. e5 Bg7 (19... Bxe5 $2 20. cxd4 cxd4 21. f4 $18) 20. f4 Rd8 21. c4 Be6 22. Kh2 d3 (22... a6 $11) 23. Ra3 Rd4 24. Rb3 Rb8 25. Re4 Rd7 26. Re3 Rbd8 27. Be4 b6 28. Rbxd3 ({Much weaker is} 28. Rexd3 Rxd3 29. Rxd3 Rxd3 30. Bxd3 Qd7 $11) (28. Qf3 $14) 28... Rxd3 $11 29. Bxd3 Qd7 {[%emt 0:00:24] White must now prevent ...Bf5.} 30. Ne4 Bxc4 31. Nd6 Bxd3 32. Rxd3 h5 (32... Qe6 $11) 33. b3 (33. Qb3 $14) 33... Qe6 34. Nb5 Rxd3 35. Qxd3 {[%emt 0:00:00][%mdl 4096] Endgame KQB-KQN} h4 36. gxh4 Qe7 {[%emt 0:03:53] [#]} ({Black should play} 36... a6 $1 $14 37. Nd6 Bf8) 37. Kg3 $1 $16 {[%emt 0:01:58] White is more active.} Qb7 {[%emt 0:01:16] Inhibits Qd5.} 38. Qf3 {[%emt 0:02:17] Inhibits Qh1.} (38. h5 $18) 38... Qd7 39. Nd6 c4 (39... Qe6 $16 {was worth a try.}) 40. Nxc4 $18 Qd4 41. Qe3 {[%emt 0:01:44] Prevents Qg1+.} Qd5 42. Nd6 Bf8 43. Ne4 {[%emt 0:01:18] Threatening mate with Nf6+.} Be7 {[%emt 0:00:29] [#]} 44. Nf6+ $2 (44. h5 $1 $18) 44... Bxf6 $11 {[%emt 0:00:09] The position is equal.} 45. exf6 {[%emt 0:00:01][%cal Oh4h5] aiming for h5! KQ-KQ} Kh7 $1 46. b4 {[%emt 0:03:28][%cal Oh4h5] Threatens to win with h5!} Qd6 47. Qc3 {[%emt 0:03:15][%cal Oh4h5] Strongly threatening h5!} Qd1 48. Qc4 Qg1+ 49. Kf3 Qd1+ 50. Kg2 Qd2+ 51. Kf1 Qd1+ 52. Kf2 Qd2+ 53. Kf3 Qd1+ 54. Ke4 Qe1+ $1 55. Kd4 Qa1+ 56. Kd3 Qf1+ 57. Kc3 Qc1+ 58. Kd3 {[%emt 0:03:02] White really could win this.  Weighted Error Value: White=0.13 (very precise) /Black=0.12 (very precise)} 1/2-1/2

[Event "1st Serbian League 2022"]
[Site "Vrnjacka Banja"]
[Date "2022.09.25"]
[Round "6.22"]
[White "Zajic, Milan"]
[Black "Nikolovski, Nikola"]
[Result "1-0"]
[ECO "C16"]
[WhiteElo "2402"]
[BlackElo "2359"]
[Annotator "TA"]
[PlyCount "81"]
[EventDate "2022.09.20"]
[EventType "team-tourn"]
[EventCountry "SRB"]
[SourceTitle "playchess.com"]
[Source "ChessBase"]
[SourceQuality "1"]
[TimeControl "40/5400+30:1800+30"]

1. e4 e6 2. d4 d5 3. Nc3 Bb4 4. e5 b6 5. h4 Qd7 6. h5 {[%emt 0:00:23] C16: French: 3 Nc3 Bb4 4 e5: Lines without ...c5.} (6. Qg4 $5 Kf8 7. Bd2 $14) 6... h6 7. Qg4 Bf8 8. b4 {[%emt 0:00:09] [#] White is slightly better.} Nc6 $146 (8... Bxb4 $2 {[#]} 9. Qxg7 $1 Bxc3+ 10. Bd2 Bxa1 11. Qxh8 $18) (8... f5 $14 9. Qg6+ Qf7) ({Predecessor:} 8... a6 9. a3 Ne7 10. Bd3 c5 11. bxc5 bxc5 12. dxc5 Qc7 13. Nf3 Nd7 14. O-O Nxc5 {1-0 (30) Sheng,J (2453)-Hevia Alejano,C (2467) Chess.com INT 2021}) 9. a3 $16 Bb7 10. Nf3 O-O-O 11. Bd3 Kb8 12. Ne2 {[%emt 0:03:20] White is much more active.} Rc8 13. Bd2 Nd8 14. a4 f5 15. Qg3 Ne7 16. a5 Rg8 17. Nh4 Qe8 18. Nf4 Bc6 19. Ba6 Bb7 (19... Bb5 {might work better.}) 20. Bxb7 $18 Kxb7 21. axb6 axb6 $2 (21... cxb6 {was necessary.} 22. Qa3 Ra8 23. Qa6+ Kb8) 22. Qd3 (22. Qa3 Qb5 23. Qa7+ (23. c4 dxc4 24. d5 Nxd5 $16) 23... Kc6 $16) 22... Ra8 23. O-O Rxa1 24. Rxa1 Qc6 25. b5 Qc4 26. Qa3 {[%emt 0:00:17][%csl Ga1][%cal Ra3a8] [#]} Kc8 27. Qa8+ $40 {[%emt 0:01:09][%mdl 128] White wants a kill.} Kd7 28. Qb8 {[%emt 0:01:13] Threatening mate with Ra8. White is clearly winning.} g5 29. hxg6 (29. Ra8 Bg7 30. Nfg6 Nf7 31. Qxg8 Nxg8 32. Rxg8 Bxe5 33. dxe5 gxh4 $11) 29... Qxb5 30. Nh5 {[%emt 0:07:24] White wants to mate with Nf6+.} Bg7 31. Nf6+ ({Stronger than} 31. Nxg7 Ndc6 32. Qb7 (32. c4 $2 Qb2 $19) 32... Rxg7 $11) 31... Bxf6 32. exf6 Nec6 33. f7 Qb2 34. fxg8=Q (34. Ra8 $142 Nxb8 35. fxg8=Q Qxd4 36. Nf3) 34... Qxa1+ 35. Kh2 {[%emt 0:00:00] White threatens Qg7+ and mate.} Nxb8 36. Qh7+ Kc6 37. g7 Nd7 38. Qxh6 Qxd4 39. Nf3 Qg4 40. Qg5 Qxg5 41. Bxg5 {[%emt 0:30:20] Black did not feel at home in the position after the opening.  Weighted Error Value: White=0.04 (flawless) /Black=0.59} ({Weaker is} 41. Nxg5 Nf6 $14) 1-0

[Event "1st Serbian League 2022"]
[Site "Vrnjacka Banja"]
[Date "2022.09.25"]
[Round "6.23"]
[White "Milenkovic, Mladen"]
[Black "Stankovic, Milos"]
[Result "0-1"]
[ECO "B76"]
[WhiteElo "2379"]
[BlackElo "2439"]
[Annotator "TA"]
[PlyCount "66"]
[EventDate "2022.09.20"]
[EventType "team-tourn"]
[EventCountry "SRB"]
[SourceTitle "playchess.com"]
[Source "ChessBase"]
[SourceQuality "1"]
[TimeControl "40/5400+30:1800+30"]

1. e4 c5 2. Nf3 d6 3. d4 cxd4 4. Nxd4 Nf6 5. Nc3 g6 6. Be3 Bg7 7. f3 O-O 8. Qd2 Nc6 9. O-O-O d5 10. exd5 Nxd5 11. Nxc6 bxc6 12. Bd4 e5 13. Bc5 Re8 {[%emt 0:01:18] is cutting edge theory.} 14. Nxd5 cxd5 15. Bb5 {[%emt 0:01:34] B76: Sicilian Dragon: Yugoslav Attack, 9 g4 and 9 0-0-0.} (15. Qxd5 $14 {is the one way to stay ahead.} Qxd5 16. Rxd5) 15... Be6 (15... d4 $17) 16. Bxe8 $11 Qxe8 17. Kb1 {[%emt 0:00:38] The position is equal.} Rc8 {[%emt 0:05:01][%mdl 1024] Black has compensation.} 18. Ba3 (18. Bxa7 d4 19. Qa5 Qd7 $17) (18. Bb4 $11) 18... Qa4 $15 19. Rc1 {[%emt 0:32:14] [#]} Rb8 $146 (19... a5 $15) ({Predecessor:} 19... e4 20. Qb4 Qc6 21. Rhf1 Qc7 {0-1 (21) Piermattei,M (1600)-Mione,D (2303) SEMI email 1999}) 20. Be7 (20. Bd6 $5 Rc8 21. f4 $14) 20... a5 (20... d4 21. b3 $14) 21. Rhd1 (21. Bd6 $11 Rc8 22. f4) 21... Qb5 (21... d4 $1 $17 22. b3 Qd7) 22. Ba3 $1 d4 $40 {[%emt 0:03:28][%mdl 128] Black attacks.} 23. c3 (23. c4 $15 Bxc4 24. Ka1 (24. b3 a4 $15)) 23... a4 $1 $17 {[%emt 0:02:24] Black has more active pieces.} 24. c4 {[%emt 0:07:56] [#]} ({Wrong is} 24. Bd6 $2 Qd5 $1 25. b4 Qxd6 $19) 24... Bxc4 ({Black should try} 24... Qa6 $1 $17) 25. Qb4 $1 $15 Qxb4 {[%emt 0:03:42] Chess con chili.} 26. Bxb4 Be2 ({Much less strong is} 26... Rxb4 27. a3 Ba2+ 28. Kxa2 $16) 27. Re1 {[%emt 0:01:14][%mdl 8192] Loses the game.} (27. Rd2 $11 d3 28. a3) 27... Bd3+ $19 {[%emt 0:00:14] Black is clearly winning.} 28. Ka1 Rxb4 29. Rc8+ Bf8 30. Rxe5 {[%emt 0:00:05] Threatens to win with Ree8.} Bf5 31. a3 {[%emt 0:00:17] Rxf8+ is the strong threat.} Rb3 (31... Bxc8 $2 {is the wrong capture.} 32. axb4 Be6 33. Rb5 $19) 32. Rd8 Rd3 {[%emt 0:00:24] ( -> ...Rd1+)} 33. Re1 {[%emt 0:00:36] Against Rd1+} Be6 {[%emt 0:00:51] Weighted Error Value: White=0.62/Black=0.19 (very precise)} 0-1

[Event "1st Serbian League 2022"]
[Site "Vrnjacka Banja"]
[Date "2022.09.25"]
[Round "6.24"]
[White "Toth, Aleksandar"]
[Black "Zlatanovic, Boroljub"]
[Result "1/2-1/2"]
[ECO "A49"]
[WhiteElo "2320"]
[BlackElo "2313"]
[Annotator "TA"]
[PlyCount "64"]
[EventDate "2022.09.20"]
[EventType "team-tourn"]
[EventCountry "SRB"]
[SourceTitle "playchess.com"]
[Source "ChessBase"]
[SourceQuality "1"]
[TimeControl "40/5400+30:1800+30"]

1. Nf3 Nf6 2. g3 g6 3. Bg2 Bg7 4. O-O O-O 5. d4 d6 6. a4 Nbd7 7. a5 a6 8. Nc3 {[%emt 0:01:18] A49: 1 d4 Nf6 2 Nf3 g6 3 g3: Anti-King's Indian systems.} c6 9. e4 e5 10. Re1 (10. Be3 $14) 10... Re8 11. h3 {[%emt 0:00:33] [#]} exd4 $146 ({Predecessor:} 11... Qc7 12. Bg5 exd4 13. Nxd4 Ne5 14. b3 c5 15. Nde2 Be6 16. Nf4 Nc6 17. Bxf6 Bxf6 {1-0 (60) Ider,B (2489)-Karjakin,S (2752) Chess.com INT 2020}) 12. Nxd4 d5 13. exd5 {[%emt 0:06:02] White is more active.} Rxe1+ 14. Qxe1 Nxd5 15. Nxd5 cxd5 16. Be3 Ne5 17. b3 {[%emt 0:02:02] Against Nc4} Nc6 18. Qd2 Bf5 (18... Nxd4 $11 19. Bxd4 Bxd4 20. Qxd4 Be6) 19. Ra4 Bd7 20. Ra2 (20. Bxd5 $16 {White wants to play Nxc6.} Ne7 21. Bxb7) 20... Qe7 21. Kh2 Re8 (21... h5 {seems wilder.} 22. c3 h4 23. g4 Nxd4 24. Bxd4 Be6) 22. c3 Qd6 23. Nxc6 Bxc6 24. Bd4 Bxd4 25. Qxd4 Re1 26. Rd2 Qa3 (26... Qe5 $11) 27. Bxd5 $16 Qc1 (27... Qxa5 $16 {is a better defense.} 28. Bxc6 bxc6) 28. Bxc6 $18 bxc6 29. Qd8+ (29. b4 $18) 29... Kg7 $16 {[%emt 0:00:52] [#]} 30. Qd4+ (30. Rd3 $1 $16) 30... Kg8 $18 31. Qd8+ (31. b4 $18 {has better winning chances.}) 31... Kg7 $16 32. Qd4+ (32. Rd3 $16) 32... Kg8 {[%emt 0:01:25] Weighted Error Value: White=0.37/Black=0.23 (precise)} 1/2-1/2